 Dungeon Crawl Stone Soup version 0.27-a0-1154-gfdeffcb720 (webtiles) character file.

Game seed: 17401651599118426336

12068 polve the Fighter (level 11, -9/90 HPs)
             Began as a Demonspawn Gladiator on May 14, 2021.
             Was a Believer of Uskayaw.
             Mangled by a boulder beetle (44 damage)
             ... on level 11 of the Dungeon.
             The game lasted 00:12:18 (15453 turns).

polve the Fighter (Demonspawn Gladiator)           Turns: 15453, Time: 00:12:18

Health: -9/90      AC: 15    Str: 17    XL:     11   Next: 57%
Magic:  18/18      EV: 14    Int:  9    God:    Uskayaw [**....]
Gold:   552        SH:  4    Dex: 16    Spells: 10/10 levels left

rFire    + . .     SeeInvis .   a - +1 rapier
rCold    . . .     Faith    .   (no shield)
rNeg     . . .     Spirit   .   h - +1 chain mail
rPois    .         Reflect  .   (helmet restricted)
rElec    .         Harm     .   m - scarf {shadows}
rCorr    .         Rampage  .   A - +0 pair of gloves
Will     .....                  b - +0 pair of boots
Stlth    ..........             (no amulet)
HPRegen  0.25/turn              o - +4 ring of evasion
MPRegen  0.16/turn              x - ring of protection from fire

@: studying Shields
A: antennae 1, spiny 2, sharp scales 1, condensation shield
a: Renounce Religion, Stomp, Line Pass


You were on level 11 of the Dungeon.
You worshipped Uskayaw.
Uskayaw was aware of your devotion.
You visited 2 branches of the dungeon, and saw 12 of its levels.
You also visited: Ossuary.

You collected 552 gold pieces.

Inventory:

Hand Weapons
 a - a +1 rapier (weapon)
Missiles
 d - 7 throwing nets (quivered)
Armour
 b - a +0 pair of boots (worn)
 h - a +1 chain mail (worn)
 m - a scarf of shadows (worn)
 A - a +0 pair of gloves (worn)
Jewellery
 n - a +6 ring of intelligence
 o - a +4 ring of evasion (left hand)
 p - a ring of resist corrosion
 x - a ring of protection from fire (right hand)
 C - a ring of poison resistance
 F - an amulet of magic regeneration
 H - a +6 ring of dexterity
Wands
 t - a wand of polymorph (7)
 B - a wand of digging (5)
Scrolls
 g - 3 scrolls of enchant weapon
 i - a scroll of summoning
 j - a scroll of magic mapping
 q - 4 scrolls of teleportation
 y - 6 scrolls of identify
 z - a scroll of brand weapon {unknown}
 G - a scroll of enchant armour
Potions
 c - a potion of magic {unknown}
 e - 6 potions of haste
 f - 3 potions of curing
 k - 2 potions of heal wounds
 l - 2 potions of attraction
 r - a potion of flight
 s - a potion of invisibility
 u - a potion of cancellation
 v - 5 potions of lignification
 w - 3 potions of brilliance
 D - a potion of mutation {unknown}
 E - a potion of degeneration {unknown}


   Skills:
 - Level 10.0 Fighting
 - Level 8.0 Short Blades
 - Level 1.7 Throwing
 + Level 7.1 Armour
 + Level 6.4 Dodging
 - Level 5.0 Stealth
 - Level 10.0 Invocations


You had 10 spell levels left.
You didn't know any spells.
Your spell library contained the following spells:

 Spells                   Type           Power      Damage    Failure   Level
 Apportation              Tloc           0%         N/A       99%         1
 Corona                   Hex            0%         N/A       99%         1
 Freeze                   Ice            0%         1d3       99%         1
 Pain                     Necr           0%         1d4       99%         1
 Slow                     Hex            0%         N/A       100%        2
 Frozen Ramparts          Ice            0%         1d2       100%        3
 Inner Flame              Hex/Fire       0%         N/A       100%        3
 Lesser Beckoning         Tloc           0%         N/A       100%        3
 Ozocubu's Armour         Ice            0%         N/A       100%        3
 Portal Projectile        Hex/Tloc       0%         N/A       100%        3
 Tukima's Dance           Hex            0%         N/A       100%        3
 Cause Fear               Hex            0%         N/A       100%        4
 Ice Form                 Ice/Tmut       0%         N/A       100%        4
 Leda's Liquefaction      Hex/Erth       0%         N/A       100%        4
 Alistair's Intoxication  Tmut/Pois      0%         N/A       100%        5
 Silence                  Hex/Air        0%         N/A       100%        5
 Yara's Violent Unravell  Hex/Tmut       0%         3d3       100%        5
 Freezing Cloud           Conj/Ice/Air   0%         6-21      100%        6
 Invisibility             Hex            0%         N/A       100%        6
 Discord                  Hex            0%         N/A       100%        8


Dungeon Overview and Level Annotations

Branches:
Dungeon (11/15)            Temple (1/1) D:4            Lair (0/6) D:11
Ossuary (visited)
    Orc: D:9-12

Altars:
Ashenzari
Cheibriados
Dithmenos
Elyvilon
Fedhas
Gozag
Hepliaklqana
Kikubaaqudgha
Makhleb
Nemelex Xobeh
Okawaru
Qazlal
Ru
Sif Muna
Trog
Uskayaw
Vehumet
Wu Jian
Xom
Yredelemnul
Zin
The Shining One

Shops:
D:2 *   D:9 [


Innate Abilities, Weirdness & Mutations

You have a pair of small antennae on your head.
You are mostly covered in sharp spines.
You are partially covered in razor-sharp scales. (AC +1, Slay +1)
A meltable shield of frost defends you. (SH +4)


Message History

You block the wraith's attack.
You can now pass through a line of other dancers.
You closely miss the wraith.
The wraith is almost destroyed.
The wraith is struck by your spines.
You destroy the wraith!
You hit the boulder beetle but do no damage.
You hit the boulder beetle but do no damage.
The boulder beetle barely misses you.
You hit the boulder beetle but do no damage.
The boulder beetle bites you!!
You hit the boulder beetle but do no damage.
The boulder beetle barely misses you.
You hit the boulder beetle but do no damage.
The boulder beetle bites you!
You hit the boulder beetle but do no damage.
You hit the boulder beetle but do no damage.
The boulder beetle is struck by your spines.
The boulder beetle closely misses you.
You hit the boulder beetle.
The boulder beetle is lightly wounded.
The boulder beetle barely misses you.
You hit the boulder beetle.
The boulder beetle is lightly wounded.
The boulder beetle is struck by your spines.
The boulder beetle bites you.
You hit the boulder beetle but do no damage.
The boulder beetle is moderately wounded.
The boulder beetle bites you!!
You hit the boulder beetle but do no damage.
The boulder beetle is moderately wounded.
The boulder beetle is struck by your spines.
The boulder beetle bites you but does no damage.
Uskayaw will force your foes to helplessly watch your dance.
Uskayaw prepares the audience for your solo!
The two-headed ogre is no longer paralysed.
The boulder beetle is no longer paralysed.
The boulder beetle curls into a ball and begins rolling!
The boulder beetle hits you!!!
You die...

#.# ######...... #.#
#.##### #.# #.# #O## #.#
#.°## #.# ##..○## #.#
##....○## #.# #......B#
#.#####
#..P..P@##########......
..........))†.............
#..........)######........
#.....>.)).)# #.#######
##.........## #.#
#.........# #.# #.......##
#.# #..P....# #.#
##.....## #.#


You could see a boulder beetle (rolling) and a two-headed ogre.

Vanquished Creatures
  Harold (D:11)
  A two-headed ogre (D:10)
  A deep elf pyromancer (D:9)
  An elephant (D:11)
  Maggie (D:6)
  An unseen horror (D:10)
  6 slime creatures (D:10)
  A meliai zombie (D:11)
  A shadow (D:9)
  10 yaks
  2 wraiths
  A basilisk (D:11)
  A wyvern (D:9)
  A steam dragon (D:7)
  An acid dragon (D:10)
  3 water moccasins
  4 orc warriors
  4 black bears
  3 ice beasts
  A sky beast (D:7)
  3 ogres
  8 centaurs
  A phantom (D:5)
  An elf zombie (Ossuary)
  6 bullfrogs
  3 gnoll sergeants
  A scorpion (D:6)
  9 killer bees
  8 wights (D:8)
  An electric eel (D:8)
  3 howler monkeys (D:10)
  7 centaur zombies
  A human zombie (Ossuary)
  4 jellies
  2 hounds
  2 orc priests
  A centaur skeleton (D:6)
  Ijyb (D:3)
  2 iguanas
  15 orc wizards
  2 killer bee zombies
  2 mummies (Ossuary)
  A howler monkey zombie (D:6)
  17 gnolls
  A howler monkey skeleton (D:6)
  6 adders
  2 shadow imps
  2 white imps
  4 ufetubi
  4 adder zombies (Ossuary)
  6 worms
  A dart slug (D:1)
  31 orcs
  6 endoplasms
  8 goblins
  7 hobgoblins
  5 jackals
  3 quokkas (D:3)
  9 ball pythons
  10 bats
  4 frilled lizards
  A goblin zombie (Ossuary)
  12 hobgoblin zombies (Ossuary)
  2 kobolds
  10 kobold zombies (Ossuary)
  5 orc zombies (Ossuary)
  2 quokka zombies (D:6)
  24 rats
311 creatures vanquished.

Vanquished Creatures (collateral kills)
  A centaur skeleton (D:7)
1 creature vanquished.

Vanquished Creatures (others)
  An orc wizard (D:9)
  A fungus (D:11)
  42 plants (D:8)
44 creatures vanquished.

Grand Total: 356 creatures vanquished

Notes
Turn   | Place    | Note
-------+----------+-------------------------------------------
     0 | D:1      | polve the Demonspawn Gladiator began the quest for the Orb.
     0 | D:1      | Reached XP level 1. HP: 16/16 MP: 1/1
   429 | D:1      | Gained mutation: A meltable shield of frost defends you.
                  | (SH +4) [demonic ancestry]
   429 | D:1      | Reached XP level 2. HP: 15/22 MP: 2/2
  1475 | D:2      | Gained mutation: You are partially covered in razor-sharp
                  | scales. (AC +1, Slay +1) [demonic ancestry]
  1475 | D:2      | Reached XP level 3. HP: 27/27 MP: 3/3
  2558 | D:2      | Found Bamuzit's General Store.
  3225 | D:3      | Reached XP level 4. HP: 33/33 MP: 4/4
  3760 | D:3      | Reached skill level 5 in Short Blades
  3905 | D:3      | Noticed Ijyb
  3924 | D:3      | Killed Ijyb
  3925 | D:3      | Reached XP level 5. HP: 38/38 MP: 5/5
  4601 | D:4      | Found a staircase to the Ecumenical Temple.
  4681 | D:4      | Noticed a black bear
  4691 | D:4      | Killed a black bear
  4692 | D:4      | Gained mutation: You are partially covered in sharp spines.
                  | [demonic ancestry]
  4692 | D:4      | Reached XP level 6. HP: 44/44 MP: 6/6
  4799 | D:5      | Entered Level 5 of the Dungeon
  4870 | D:5      | Noticed an ice beast
  4890 | D:5      | Killed an ice beast
  5211 | D:5      | Reached XP level 7. HP: 37/50 MP: 7/7
  5687 | D:5      | Reached skill level 1 in Armour
  6379 | D:6      | Reached XP level 8. HP: 35/60 MP: 8/8
  6551 | D:6      | Noticed Maggie
  6571 | D:6      | Killed Maggie
  6572 | D:6      | Reached skill level 5 in Fighting
  6770 | D:6      | Found a sand-covered staircase.
  6777 | Ossuary  | Entered an ossuary
  7979 | D:7      | Gained mutation: You have a pair of small antennae on your
                  | head. [demonic ancestry]
  7979 | D:7      | Reached XP level 9. HP: 72/72 MP: 9/9
  8162 | Temple   | Entered the Ecumenical Temple
  8450 | Temple   | Became a worshipper of Uskayaw the Reveller
  8677 | D:7      | Identified the Reference Book on Sinister Magic and the
                  | Glacier
  8692 | D:7      | Reached * piety under Uskayaw
  8697 | D:7      | Reached ** piety under Uskayaw
  8742 | D:7      | Identified 2 scrolls of acquirement
  8742 | D:7      | Acquired a scarf of shadows
  8750 | D:7      | Acquired a manual of Shields
  8807 | D:7      | Identified the +5 mace of Purpose {antimagic, rN+ Int+6
                  | Stlth+}
  9063 | D:7      | Reached *** piety under Uskayaw
  9065 | D:7      | Reached **** piety under Uskayaw
  9069 | D:7      | Reached ***** piety under Uskayaw
  9715 | D:7      | Reached skill level 10 in Fighting
 10109 | D:8      | Reached skill level 5 in Invocations
 10667 | D:8      | Reached skill level 1 in Stealth
 10667 | D:8      | Gained mutation: You are mostly covered in sharp spines.
                  | [demonic ancestry]
 10667 | D:8      | Reached XP level 10. HP: 62/81 MP: 14/14
 12114 | D:9      | Found Owyikkol's Antique Armour Shoppe.
 12187 | D:9      | Reached skill level 5 in Stealth
 12484 | D:9      | Reached skill level 10 in Invocations
 12628 | D:9      | Found a hazy altar of Hepliaklqana.
 12976 | D:9      | Noticed a deep elf pyromancer
 12987 | D:9      | Killed a deep elf pyromancer
 12989 | D:9      | Identified the +1 trident "Ahexua" {chaos, rC+}
 13404 | D:10     | Entered Level 10 of the Dungeon
 13525 | D:10     | Reached skill level 5 in Armour
 13525 | D:10     | Reached XP level 11. HP: 88/90 MP: 18/18
 13611 | D:10     | Noticed a two-headed ogre
 13899 | D:10     | Killed a two-headed ogre
 14132 | D:10     | Reached skill level 5 in Dodging
 14134 | D:10     | Reached ****** piety under Uskayaw
 15174 | D:11     | Noticed Harold
 15187 | D:11     | Killed Harold
 15301 | D:11     | Found a staircase to the Lair.
 15421 | D:11     | Noticed a boulder beetle
 15429 | D:11     | Noticed a two-headed ogre
 15453 | D:11     | Mangled by a boulder beetle

Illustrated notes

Levels and vault maps discovered:
D:1:      dpeg_arrival_shelter, layout_loops_ring
D:2:      minmay_recursive_quarters, layout_basic, serial_co_window_serial,
          co_window_of_opportunity_a, co_window_corner_a, co_window_paths_a,
          co_window_corner_a, co_window_corner_a, co_window_paths_a,
          co_window_2corner, co_window_cross_4, co_window_paths_c,
          co_window_of_opportunity_c, co_window_of_opportunity_b,
          glass_columns_a, glass_columns_b, glass_columns_a, glass_columns_a,
          serial_shops, shop
D:3:      layout_loops_corners, minmay_rat_hole, uniq_ijyb
D:4:      layout_cave_pools, temple_green
D:5:      black_bear_nest_1, layout_loops_ring, nrook_uturn
D:6:      layout_basic, enter_ossuary_4, minmay_misc_feat_pillars, uniq_maggie
D:7:      minmay_thinvault, layout_rooms, minmay_bent
D:8:      layout_loops_ring, serial_bayou_lagoon_a, kennysheep_minor_cross,
          onia_ninara_dug_in_and_dangerous
D:9:      lemuel_flame_loot_2, layout_loops_ring,
          worldfamousw_hep_ancestral_shrine, serial_shops, shop,
          small_chamber_with_monster
D:10:     layout_cave_pools, minivault_22, serial_park_tiny_2,
          nicolae_zen_rock_garden
D:11:     layout_long_grid, david_lair_generic, serial_shops, statue_bzr,
          gammafunk_ghost_smash, uniq_harold
Temple:   nicolae_temple_the_god_donut

Skill      XL: |  1  2  3  4  5  6  7  8  9 10 11 |
---------------+----------------------------------+-----
Short Blades   | 3 4 5 6 7 8 |  8.0
Armour         | 2 4 5 7 |  7.1
Fighting       | 3 7 10 | 10.0
Invocations    | 6 10 | 10.0
Stealth        | 1 5 |  5.0
Dodging        | 4 6 |  6.4
Throwing       | |  1.7

Action                   |  1- 3 |  4- 6 |  7- 9 | 10-12 || total
-------------------------+-------+-------+-------+-------++-------
Melee: Rapier            |   158 |   195 |   407 |   360 ||  1120
       Unarmed           |       |     4 |       |       ||     4
Invok: Line Pass         |       |       |       |     1 ||     1
       Grand Finale      |       |       |       |     1 ||     1
  Use: Potion            |       |     1 |     2 |     1 ||     4
       Scroll            |       |       |    18 |       ||    18
 Stab: Distracted        |     1 |       |       |       ||     1
       Sleeping          |     1 |       |       |       ||     1
       Paralysed         |       |       |    10 |    18 ||    28
Armor: Leather armour    |    68 |    16 |       |       ||    84
       Skin              |       |    50 |       |       ||    50
       Chain mail        |       |     7 |   171 |   133 ||   311
Dodge: Dodged            |   103 |    99 |   191 |   170 ||   563
Block: Other             |    24 |    28 |    60 |    54 ||   166

Table legend: (Time is in decaauts)
 A = Elapsed time spent in this place.
 B = Non-inter-level travel time spent in this place.
 C = Inter-level travel time spent in this place.
 D = Time resting spent in this place.
 E = Time spent auto-exploring this place.
 F = Levels seen in this place.
 G = Mean time per level.
                   A        B        C        D        E       F      G
               +--------+--------+--------+--------+--------+-----+--------+
         Total |  15319 |  14484 |    835 |     70 |  12539 |  13 | 1178.4 |
       Dungeon |  14694 |  13912 |    782 |     70 |  12095 |  11 | 1335.8 |
        Temple |    312 |    260 |     52 |      0 |    258 |   1 |  312.0 |
       Ossuary |    312 |    312 |      0 |      0 |    186 |   1 |  312.0 |
               +--------+--------+--------+--------+--------+-----+--------+

Top non-repeatable levels by time:
     D:9: 2400 daAuts
     D:8: 1654 daAuts
     D:6: 1635 daAuts
     D:2: 1632 daAuts
     D:7: 1561 daAuts
     D:3: 1369 daAuts
     D:5: 1293 daAuts
     D:1: 1258 daAuts
    D:10: 916 daAuts
     D:4: 650 daAuts
    D:11: 321 daAuts
  Temple: 312 daAuts
 Ossuary: 312 daAuts
